 Dungeon Crawl Stone Soup version 0.19.1 (webtiles) character file.

123 Jerry the Grave Robber (level 4, -2/36 HPs)
             Began as a Demigod Necromancer on Dec 17, 2016.
             Killed by divine providence
             ... invoked by an orc priest
              (14 damage)
             ... on level 3 of the Dungeon.
             The game lasted 00:12:02 (2252 turns).

Jerry the Grave Robber (Demigod Necromancer)        Turns: 2252, Time: 00:12:02

Health: -2/36      AC:  6    Str: 13    XL:     4   Next: 51%
Magic:  9/9        EV: 12    Int: 19    God:
Gold:   129        SH:  0    Dex: 16    Spells: 2 memorised, 4 levels left

rFire  . . .     SeeInvis .     d - +0 spear
rCold  . . .     Gourm    .     i - +0 ring mail
rNeg   . . .     Faith    .     (no shield)
rPois  +         Spirit   .     (no helmet)
rElec  .         Reflect  .     j - +0 cloak
rCorr  +         Harm     .     (no gloves)
MR     .....                    (no boots)
Stlth  +.........               (no amulet)
                                n - ring of resist corrosion
                                g - ring of poison resistance

@: no status effects
A: high mp 1
a: no special abilities


You were on level 3 of the Dungeon.
You were not hungry.

You visited 1 branch of the dungeon, and saw 3 of its levels.

You collected 129 gold pieces.

Inventory:

Hand Weapons
 d - a +0 spear (weapon)
Armour
 a - a +0 robe
 i - a +0 ring mail (worn)
 j - a +0 cloak (worn)
 k - a +0 plate armour
 u - a +0 scale mail
Jewellery
 g - a ring of poison resistance (left hand)
 n - a ring of resist corrosion (right hand)
Scrolls
 e - 3 scrolls of identify
 h - 2 scrolls of fog
 l - a scroll of recharging
 v - 3 scrolls of blinking {unknown}
Potions
 m - 5 potions of heal wounds
 o - 3 potions of haste
 p - a potion of cure mutation {unknown}
 q - a potion of berserk rage {unknown}
 s - a potion of cancellation {unknown}
 t - a potion of curing {unknown}
Books
 b - a book of Necromancy

   Spells                             Type                      Level
   a - Pain                           Necromancy                   1
   b - Animate Skeleton               Necromancy                   1
   c - Vampiric Draining              Necromancy                   3
   d - Regeneration                   Charms/Necromancy            3
   e - Animate Dead                   Necromancy                   4
   f - Control Undead                 Necromancy                   4
Comestibles
 c - 3 bread rations
 f - 3 chunks of flesh
 r - 3 fruits


   Skills:
 + Level 2.2 Fighting
 + Level 2.0 Armour
 + Level 3.0 Dodging
 - Level 1.7 Stealth
 - Level 1.7 Spellcasting
 - Level 3.6 Necromancy


You had 4 spell levels left.
You knew the following spells:

 Your Spells              Type           Power        Failure   Level  Hunger
a - Pain                  Necr           ###.         10%         1    #......
b - Animate Skeleton      Necr           N/A          10%         1    #......


Dungeon Overview and Level Annotations

Branches:
Dungeon (3/15)


Innate Abilities, Weirdness & Mutations

You have an increased reservoir of magic. (+10% MP)


Message History

Your adder skeleton bites the orc priest but does no damage.
The orc priest mumbles some strange prayers to Beogh against you.
Pain shoots through your body!
You hit the orc priest but do no damage.
Your adder skeleton barely misses the orc priest.
The orc priest looks satisfied for a moment.
You hit the orc priest but do no damage.
Your adder skeleton bites the orc priest.
The orc priest closely misses you.
You hit the orc priest but do no damage.
The orc priest is lightly wounded.
Your adder skeleton bites the orc priest.
The orc priest barely misses you.
Your adder skeleton bites the orc priest but does no damage.
You hit the orc priest.
The orc priest is moderately wounded.
Your adder skeleton bites the orc priest.
The orc priest invokes the aid of Beogh against you.
Beogh smites you!
You die...

#.#Z.....#
#.#
#.########
##+# #.#
##...# #.###
#.....#
##.#.##
.......##
#.....####
........##
#........+
......ooo.
#.Zo).####
......Z.##
##.#@##
.......##
#g###
#.....#
##.## ##...#
#.o.# ##+#
#...# #.#
#...######
#.#
#...o..o.#
##.######
###.#.####.#
##.......o
#...#^..##.#
#....o####


You could see an orc priest and a friendly adder skeleton.

Vanquished Creatures
  4 adders
  A leopard gecko (D:1)
  2 orcs (D:3)
  A ball python (D:1)
  3 giant cockroaches (D:2)
  8 goblins
  3 hobgoblins
  2 quokkas (D:2)
  5 bats
  4 frilled lizards
  5 kobolds
  2 rats
40 creatures vanquished.

Vanquished Creatures (collateral kills)
  A hound (D:3)
  2 adders (D:3)
  A worm (D:3)
  2 goblins
  A hobgoblin (D:1)
  2 kobolds
9 creatures vanquished.

Grand Total: 49 creatures vanquished

Notes
Turn   | Place    | Note
-------+----------+-------------------------------------------
     0 | D:1      | Jerry the Demigod Necromancer began the quest for the Orb.
     0 | D:1      | Reached XP level 1. HP: 14/14 MP: 5/5
   282 | D:1      | Learned a level 1 spell: Animate Skeleton
   552 | D:1      | Reached skill level 1 in Armour
   558 | D:1      | Reached XP level 2. HP: 21/22 MP: 7/7
  1028 | D:2      | Reached skill level 1 in Fighting
  1089 | D:2      | Reached XP level 3. HP: 27/28 MP: 8/8
  1900 | D:3      | Reached XP level 4. HP: 32/36 MP: 9/9
  2252 | D:3      | Killed from afar by an orc priest

Skill      XL: |  1  2  3  4 |
---------------+-------------+-----
Dodging        | 2 3 |  3.0
Armour         | 1 2 |  2.0
Fighting       | 1 2 |  2.2
Stealth        | |  1.7
Spellcasting   | |  1.7
Necromancy     | |  3.6

Action                   |  1- 3 |  4- 6 || total
-------------------------+-------+-------++-------
Melee: Spear             |   153 |    41 ||   194
 Cast: Animate Skeleton  |    16 |     6 ||    22
  Use: Scroll            |     7 |       ||     7
 Stab: Sleeping          |     4 |       ||     4
  Eat: Chunk             |     4 |     1 ||     5
Armor: Robe              |     9 |       ||     9
       Ring mail         |    29 |     6 ||    35
Dodge: Dodged            |    77 |    13 ||    90
